 Dungeon Crawl Stone Soup version 0.27.1-35-g4d5d836560 (webtiles) character file.

Game seed: 13603946825320409764

130 Delamore the Sneak (level 5, -1/34 HPs)
             Began as an Octopode Brigand on May 16, 2022.
             Slain by Natasha (5 damage)
             ... on level 2 of the Dungeon.
             The game lasted 00:01:44 (2564 turns).

Delamore the Sneak (Octopode Brigand)               Turns: 2564, Time: 00:01:45

Health: -1/34      AC:  1    Str: 10    XL:     5   Next: 13%
Magic:  5/5        EV: 13    Int: 13    God:
Gold:   74         SH:  0    Dex: 21    Spells: 4/4 levels left

rFire    . . .     SeeInvis .   e - +2 hand axe (elec)
rCold    . . .     Faith    .   (no shield)
rNeg     . . .     Spirit   .   (helmet restricted)
rPois    .         Reflect  .   (no amulet)
rElec    .         Harm     .   h - +6 ring of dexterity
rCorr    .         Rampage  .   (no ring)
Will     .....                  (no ring)
Stlth    ++++......             (no ring)
HPRegen  0.11/turn              (no ring)
MPRegen  0.09/turn              (no ring)
                                (no ring)
                                (no ring)

@: slowed, very slow
A: almost no armour, amphibious, 8 rings, camouflage 1, gelatinous body 1,
(nimble swimmer 1), tentacles
a: no special abilities


You were on level 2 of the Dungeon.
You visited 1 branch of the dungeon, and saw 2 of its levels.

You collected 74 gold pieces.

Inventory:

Hand Weapons
 a - a +2 dagger
 e - a +2 hand axe of electrocution (weapon)
Missiles
 b - 7 poisoned darts (quivered)
 c - 2 curare-tipped darts
 i - 7 stones
Jewellery
 h - a +6 ring of dexterity (left tentacle)
Scrolls
 d - 3 scrolls of enchant weapon {unknown}
 f - a scroll of silence {unknown}
 m - a scroll of identify {unknown}
 n - a scroll of teleportation {unknown}
Potions
 g - a potion of haste {unknown}
 j - 2 potions of curing {unknown}
 k - 2 potions of attraction {unknown}
 l - a potion of berserk rage {unknown}


   Skills:
 - Level 2.0 Fighting
 - Level 2.6 Short Blades
 * Level 3.2 Axes
 + Level 3.3 Throwing
 - Level 1.0 Dodging
 - Level 5.3 Stealth


You had 4 spell levels left.
You didn't know any spells.
Your spell library was empty.

Dungeon Overview and Level Annotations

Branches:
Dungeon (2/15)

Altars:

Annotations:
D:2 Natasha


Innate Abilities, Weirdness & Mutations

You cannot wear most types of armour.
You are amphibious.
You can wear up to eight rings at the same time.
Your skin changes colour to match your surroundings (Stealth+).
Your rubbery body absorbs attacks. (AC +1, EV +1)
((You are camouflaged near water. (Stealth+)))
You have tentacles for arms and can constrict up to eight enemies at once.


Message History

You completely miss the jackal. You grab the jackal. You constrict the jackal.
The jackal bites you but does no damage. x2
You hit the jackal.
You kill the jackal!
You hit the jackal. The jackal closely misses you.
You closely miss the jackal. Your grab misses the jackal.
The jackal is lightly wounded.
The jackal completely misses you. The jackal misses you.
You hit the jackal. You grab the jackal.
The jackal is severely wounded.
You constrict the jackal, but do no damage.
The jackal struggles to escape constriction.
You slash the jackal! Lightning courses through the jackal!!
You kill the jackal!
You hit the jackal but do no damage. You grab the jackal.
You constrict the jackal, but do no damage.
The jackal bites you.
Natasha growls.
The jackal closely misses you.
You hit the jackal. Lightning courses through the jackal!
You kill the jackal!
You hit Natasha. Your grab misses Natasha.
Natasha is moderately wounded.
Natasha casts a spell at you.
You feel yourself slow down.
You barely miss Natasha. You grab Natasha.
Natasha is moderately wounded.
You constrict Natasha.
Natasha casts a spell.
Natasha zaps a wand.
The puff of flame hits you!
You hit Natasha but do no damage.
Natasha is moderately wounded.
You constrict Natasha.
Natasha stares at you and mumbles some strange words.
The magic dart hits you! The shadow imp gestures at you.
Pain shoots through your body!
* * * LOW HITPOINT WARNING * * *
Natasha claws you.
You die...

#.########.#..###### #.#
#....#.#........ #.#
#....'....###... #.#
#....#.##.###.#. #.#
#.####........+.
#.###.###########.#.
#.#...............#.
#####.##h.#############.
#......@†.5..)..# #.
#........######.# #.
#.......#.....#.# #.
#########.##.##r# ##
###.##.##g# #...##<##.#
#.#######K##
#.#........#
#.#.#####..#


You could see Natasha and a shadow imp (summoned).

Vanquished Creatures
  Natasha (D:2)
  4 gnolls (D:2)
  2 adders (D:2)
  A worm (D:2)
  5 bats
  An endoplasm (D:1)
  3 giant cockroaches
  3 goblins
  A hobgoblin (D:2)
  5 jackals
  7 kobolds
  3 quokkas
  2 ball pythons (D:2)
  3 frilled lizards
  3 rats
44 creatures vanquished.

Notes
Turn   | Place    | Note
-------+----------+-------------------------------------------
     0 | D:1      | Delamore the Octopode Brigand began the quest for the Orb.
     0 | D:1      | Reached XP level 1. HP: 14/14 MP: 1/1
   279 | D:1      | Reached XP level 2. HP: 19/19 MP: 2/2
  1378 | D:2      | Reached skill level 1 in Axes
  1378 | D:2      | Reached XP level 3. HP: 20/24 MP: 3/3
  1517 | D:2      | Found a faded altar of an unknown god.
  1571 | D:2      | Noticed Natasha
  1577 | D:2      | Killed Natasha
  1578 | D:2      | Reached XP level 4. HP: 10/29 MP: 4/4
  2130 | D:2      | Noticed Natasha
  2399 | D:2      | Reached XP level 5. HP: 32/34 MP: 5/5
  2564 | D:2      | Slain by Natasha

Illustrated notes

Levels and vault maps discovered:
D:1:      beargit_arrival_diablo_church, layout_basic
D:2:      layout_basic, dreamdust_ecumenical_altar_grove, uniq_natasha

Skill      XL: |  1  2  3  4 |
---------------+-------------+-----
Axes           | 1 2 3 |  3.2
Throwing       | 3 |  3.3
Fighting       | |  2.0
Short Blades   | |  2.6
Dodging        | |  1.0
Stealth        | |  5.3

Action                   |  1- 3 |  4- 6 || total
-------------------------+-------+-------++-------
Melee: Dagger            |    22 |       ||    22
       Constrict         |     8 |     9 ||    17
       Hand axe          |    27 |    34 ||    61
       Tentacles         |     4 |     3 ||     7
Throw: Dart              |       |     5 ||     5
 Stab: Sleeping          |    14 |     4 ||    18
Armor: Skin              |     4 |     2 ||     6
Dodge: Dodged            |    24 |    18 ||    42
